 Dungeon Crawl Stone Soup version 0.32-a0-900-g30fb1b0edc (webtiles) character file.

Game seed: 5307486108172476207

2 Hubris850 the Apothecary (level 1, 0/13 HPs)
             Began as a Coglin Alchemist on Apr 5, 2024.
             Slain by a ribbon worm (1 damage)
             ... on level 2 of the Dungeon.
             The game lasted 00:00:31 (173 turns).

Hubris850 the Apothecary (Coglin Alchemist)          Turns: 173, Time: 00:00:31

Health: 0/13       AC:  2    Str:  8    XL:     1   Next: 40%
Magic:  0/3        EV: 11    Int: 14    God:
Gold:   8          SH:  0    Dex: 14    Spells: 2/3 levels left

rFire   . . .        (no weapon)
rCold   . . .        (no shield)
rNeg    . . .        a - +0 robe
rPois   .            (no helmet)
rElec   .            (no cloak)
rCorr   .            (no gloves)
SInv    .            (no boots)
Will    .....        (amulet unavailable)
Stlth   ++           (ring unavailable)
HPRegen 0.22/turn    (ring unavailable)
MPRegen 0.08/turn    (no gizmo)

%: no passive effects
@: revving
A: off-hand wielding, slow wielding, warmup strikes, no jewellery
a: Invent Gizmo


You were on level 2 of the Dungeon.
You visited 1 branch of the dungeon, and saw 2 of its levels.

You collected 8 gold pieces.

Inventory:

Armour
 a - a +0 robe (worn)
Potions
 b - a potion of magic


   Skills:
 + Level 1.8 Dodging
 + Level 1.6 Stealth
 + Level 1.8 Spellcasting
 + Level 1.0 Conjurations
 + Level 3.3 Alchemy


You had 2 spell levels left.
You knew the following spells:

 Your Spells              Type           Power      Damage    Failure   Level
a - Sting                 Conj/Alch      28%        1d4       10%         1

Your spell library contained the following spells:

 Spells                   Type           Power      Damage    Failure   Level
 Mercury Vapours          Alch/Air       10%        N/A       19%         2
 Mephitic Cloud           Conj/Alch/Air  5%         N/A       38%         3
 Olgreb's Toxic Radiance  Alch           10%        N/A       52%         4
 Sticky Flame             Fire/Alch      5%         2d4       77%         4


Dungeon Overview and Level Annotations

Branches:
Dungeon (1/15)

Altars:


Innate Abilities, Weirdness & Mutations

You can wield a second weapon in your off-hand.
It takes a long time for you to wield or remove held weapons.
Your first few attacks do less damage.
You cannot equip rings or amulets.


Message History

The sting misses the bat.
The bat completely misses you.
You are out of magic!
You are out of magic!
The bat barely misses you.
You hit the bat.
The bat is heavily wounded.
The bat barely misses you.
You kill the bat!
Your Conjurations skill increases to level 1!
Magic restored.
A ribbon worm comes into view.
You start waiting.
A ribbon worm is nearby!
The sting hits the ribbon worm.
The ribbon worm is poisoned.
The ribbon worm is lightly wounded.
The sting hits the ribbon worm but does no damage.
The ribbon worm looks even sicker.
The ribbon worm is lightly wounded.
The ribbon worm bites you.
The sting hits the ribbon worm.
The ribbon worm looks even sicker.
The ribbon worm is heavily wounded.
The ribbon worm bites you.
You are out of magic!
You hit the ribbon worm but do no damage.
The ribbon worm is moderately wounded.
The ribbon worm expels a string of sticky webbing.
The stream of webbing hits you but does no damage.
You are caught in a web!
The web tears apart.
The ribbon worm closely misses you.
You hit the ribbon worm but do no damage.
The ribbon worm is moderately wounded.
You hit the ribbon worm.
The ribbon worm is moderately wounded.
The ribbon worm bites you!
Ouch! That really hurt!
* * * LOW HITPOINT WARNING * * *
You hit the ribbon worm but do no damage.
The ribbon worm is heavily wounded.
The ribbon worm bites you.
You die...

#...# #...# #...##
#..... #..### ###
#..# ###.# #..#
#.w.# #..#
#.#@###########..#
#.#.##...........#
#.#.##.########.####
#.#.##.# #.....
#.#.##.# ######
#w#.##.# #.#.##.#
#.##.# #....#


You could see a ribbon worm (very poisoned, catching breath).

Vanquished Creatures
  A bat (D:2)
  A hobgoblin (D:1)
2 creatures vanquished.

Notes
Turn   | Place    | Note
-------+----------+-------------------------------------------
     0 | D:1      | Hubris850 the Coglin Alchemist began the quest for the Orb.
     0 | D:1      | Reached XP level 1. HP: 13/13 MP: 3/3
    70 | D:1      | You fall into a shaft and drop 1 floor!
    84 | D:2      | Reached skill level 1 in Conjurations
   173 | D:2      | Slain by a ribbon worm

Illustrated notes

Levels and vault maps discovered:
D:1:      heliophobic_arrival_battle_scene, layout_rooms
D:2:      layout_basic, dreamdust_princess_corridor, grunt_ministairs_10,
          minivault_5, uniq_jessica, uniq_terence

Skill      XL: |  1 |
---------------+----+-----
Conjurations   | 1 |  1.0
Dodging        | |  1.8
Stealth        | |  1.6
Spellcasting   | |  1.8
Alchemy        | |  3.3

Action                     || total
---------------------------++-------
  Melee: Unarmed           ||     9
   Cast: Sting             ||     8
 Armour: Robe              ||     7
  Dodge: Dodged            ||     6

Table legend: (Time is in decaauts)
 A = Elapsed time spent in this place.
 B = Non-inter-level travel time spent in this place.
 C = Inter-level travel time spent in this place.
 D = Time resting spent in this place.
 E = Time spent auto-exploring this place.
 F = Levels seen in this place.
 G = Mean time per level.
                   A        B        C        D        E       F      G
               +--------+--------+--------+--------+--------+-----+--------+
         Total |    172 |    172 |      0 |      7 |    140 |   2 |   86.0 |
       Dungeon |    172 |    172 |      0 |      7 |    140 |   2 |   86.0 |
               +--------+--------+--------+--------+--------+-----+--------+

Top non-repeatable levels by time:
     D:2: 102 daAuts
     D:1: 70 daAuts
